QQQQQ, chaotic female elven Wizard -------------------------------- ---------- |...........................%..| |........| | ------+--------------).-----.|#######..<......| |...|....|..-..-...|.|# |........| |...|....|..|.(|...|.|# |........| ------|...||------|..|...|.|# |........| ..|..|...|.|..|](|.-----|.|# --|------- ----.|..--|--.|..|%!|.|....|.|# ## |..-.-|--..{..-|-|..|.-.._.|.|# # |.............-|--.|....|.|# # --|--.----|--......|....|.|# # |...|.-.)|..|-|---------|.-######--.------- |(((|.|..|?/|... |#.|...-.|# #-........| |(((|.---|?%|....|.E|...|.|# |........| | -+------..{.---------@------.|# .........| |........................@.....|# ---------- --------------------------------# QQQQQ the Thaumaturge Experience level: 6 Strength: 9 Dexterity: 11 Constitution: 16 Intelligence: 16 Wisdom: 13 Charisma: 10 Health: 0(51) Energy: 76(87) Def: 9 Gold: 134 Moves: 1817 Dungeon seed: -E7qH0sHzEs4vs3E Game ID: QQQQQ_1498760634 Your Inventory: Coins $ - 134 gold pieces Weapons v - a blessed +1 quarterstaff (weapon in hands) Armor m - an uncursed +0 cloak of magic resistance (being worn) q - an uncursed +0 dwarvish mithril-coat (being worn) r - a blessed +0 dwarvish iron helm (being worn) Spellbooks c - a blessed spellbook of force bolt d - a blessed spellbook of magic missile f - an uncursed spellbook of light g - a blessed spellbook of detect monsters l - an uncursed spellbook of haste self t - an uncursed spellbook of drain life Rings u - an uncursed ring of aggravate monster Wands b - an uncursed wand of striking (0:7) Tools a - an uncursed +0 pick-axe e - an uncursed lock pick h - an uncursed blindfold i - an uncursed wooden harp k - an uncursed tin whistle s - a cursed magic lamp Spells and supernatural/magical abilities: Name Level Category Fail Memory a - force bolt 1 attack 0% 91% l - light 1 divination 0% 91% m - magic missile 2 attack 0% 91% n - detect monsters 1 divination 0% 91% W - pray for help -- divine ? -- Your skills at the end: Fighting Skills wands [Basic] Weapon Skills quarterstaff [Basic] Spellcasting Skills attack spells [Skilled] enchantment spells [Basic] Final Attributes: You were piously aligned. You were sleep resistant. You were magic-protected. You saw invisible. You had infravision. You are dead. Vanquished creatures: 3 gnome kings a dwarf lord a water nymph a rock mole a shrieker 4 gnome lords 4 gnomish wizards a little dog a kitten 4 dwarves a homunculus 2 rothes 5 monkeys 2 werejackals an iguana 2 coyotes a hobbit 3 giant rats a green mold 19 gnomes 3 jackals a fox 2 goblins 2 sewer rats 2 grid bugs 4 lichens 3 newts 75 creatures vanquished. Voluntary challenges: You were an atheist. You used a wielded weapon 10 times, starting on turn 5. You read items or engraved 4 times, starting on turn 71. You never genocided any monsters. You never polymorphed an object. You never changed form. You used no wishes. You never split a pudding. You never wrote Elbereth's name. You never violated your personal moral code. Dungeon overview: The Dungeons of Doom: levels 1 to 2 Level 1 a sink a long staircase Level 2 a fountain, a sink stairs to The Gnomish Mines The Gnomish Mines: levels 3 to 5 Level 3 stairs to The Dungeons of Doom Level 4 Level 5 <- You were here some shops, a temple to Ptah, some fountains, a sink History has recorded: On T:1 you entered the Dungeons of Doom to retrieve the Amulet of Yendor! On T:221 you advanced to experience level 2. On T:424 you reached level 2 of The Dungeons of Doom. On T:692 you reached level 1 of The Gnomish Mines. On T:702 you advanced to experience level 3. On T:809 you advanced to experience level 4. On T:1104 you reached level 2 of The Gnomish Mines. On T:1139 you advanced to experience level 5. On T:1429 you reached level 3 of The Gnomish Mines. On T:1602 you advanced to experience level 6. Score breakdown: Gold: 134 ( 7246 points) Experience: 6 levels (12456 points) Exploration: 5 levels ( 9.43%) ( 8320 points) Discoveries: 4 items ( 1.40%) ( 3554 points) Valuables value: (no points given unless you survive) Artifact value: 0 ( 0 points) Variety of kills: 27 monsters ( 7.05%) ( 7965 points) Turncount: 1817 turns ( 0 points) Survival: died (score multiplied by 80%) Total score: 31632 Latest messages: The gnome is killed! The force bolt hits the leprechaun! You don't have anything to eat. You miss the green mold. You hit the green mold. You are splashed by the green mold's acid! You kill the green mold! You are splashed by its acid! You don't have that object. The water moves as though of its own will! The force bolt misses the water elemental. The water elemental hits! The force bolt misses the water elemental. The force bolt misses the water elemental. The water elemental hits! (2x) You die... Final status: Goodbye QQQQQ the Wizard, killed by a water elemental... You died in The Gnomish Mines on dungeon level 5 with 31632 points, and 134 pieces of gold, after 1817 moves. You were level 6 with a maximum of 51 hit points when you died.